 Dungeon Crawl Stone Soup version 0.28.0-47-ge53b351184 (webtiles) character file.

Game seed: 934446159586678429

1454 Gabide the Magician (level 8, -3/61 HPs)
             Began as a Mummy Necromancer on May 6, 2022.
             Was an Initiate of Gozag.
             Killed by divine providence
             ... invoked by an orc priest
              (10 damage)
             ... on level 6 of the Dungeon.
             The game lasted 00:21:40 (6840 turns).

Gabide the Magician (Mummy Necromancer)             Turns: 6840, Time: 00:21:43

Health: -3/61      AC:  6    Str: 17    XL:     8   Next: 47%
Magic:  7/17       EV: 13    Int: 17    God:    Gozag
Gold:   380        SH:  0    Dex: 12    Spells: 8/20 levels left

rFire   . . .      SeeInvis .     - Unarmed
rCold   + . .      Faith    .   (no shield)
rNeg    + + +      Spirit   .   c - +2 robe {Will+}
rPois   ∞          Reflect  .   l - +0 helmet
rElec   .          Harm     .   a - +0 cloak {Stlth+}
rCorr   .          Rampage  .   (no gloves)
Will    ++...                   (no boots)
Stlth   +++.......              (no amulet)
HPRegen 0.20/turn               e - ring of protection from fire
MPRegen 0.15/turn               h - +6 ring of strength

@: no status effects
A: cold resistance 1, negative energy resistance 3, torment resistance 2, heat
vulnerability 1, no potions
a: Renounce Religion, Potion Petition, Call Merchant, Bribe Branch


You were on level 6 of the Dungeon.
You worshipped Gozag.
Gozag was aware of your devotion.
You visited 2 branches of the dungeon, and saw 7 of its levels.

You collected 440 gold pieces.
You paid 60 gold pieces to Gozag.

Inventory:

Armour
 a - a +0 cloak of stealth (worn)
 c - a +2 robe of willpower (worn)
 l - a +0 helmet (worn)
Jewellery
 d - a ring of ice
 e - a ring of protection from fire (left hand)
 f - an amulet of the acrobat
 h - a +6 ring of strength (right hand)
 k - a ring of protection from fire
Scrolls
 b - a scroll of brand weapon
 g - a scroll of teleportation
 i - a scroll of enchant weapon
 j - 2 scrolls of immolation {unknown}
 m - 2 scrolls of vulnerability {unknown}


   Skills:
 * Level 4.7 Fighting
 * Level 4.3 Dodging
 - Level 1.5 Stealth
 + Level 2.6 Unarmed Combat
 * Level 6.5 Spellcasting
 * Level 6.3 Necromancy


You had 8 spell levels left.
You knew the following spells:

 Your Spells              Type           Power      Damage    Failure   Level
a - Pain                  Necr           100%       1d9       1%          1
b - Vampiric Draining     Necr           27%        2d7       2%          3
c - Dispel Undead         Necr           27%        3d13      9%          4
d - Animate Dead          Necr           13%        N/A       9%          4

Your spell library contained the following spells:

 Spells                   Type           Power      Damage    Failure   Level
 Animate Skeleton         Necr           54%        N/A       1%          1
 Static Discharge         Conj/Air       5%         N/A       19%         2
 Agony                    Necr           27%        N/A       24%         5
 Borgnjor's Vile Clutch   Necr/Erth      8%         N/A       65%         5
 Animate Armour           Summ/Erth      10%        N/A       77%         4
 Sticky Flame             Conj/Fire      5%         2d3       77%         4
 Death Channel            Necr           13%        N/A       80%         6
 Iron Shot                Conj/Erth      2%         9d2       100%        6
 Blade Hands              Tmut           Unusable   N/A       N/A         5

Dungeon Overview and Level Annotations

Branches:
Dungeon (6/15)             Temple (1/1) D:4

Altars:
Ashenzari
Cheibriados
Dithmenos
Elyvilon
Fedhas
Gozag
Makhleb
Nemelex Xobeh
Okawaru
Ru
Sif Muna
Trog
Uskayaw
Vehumet
Wu Jian
Zin
The Shining One

Shops:
D:1 ?

Annotations:
D:6 1 transporter


Innate Abilities, Weirdness & Mutations

You are immune to poison.
Your flesh is cold resistant. (rC+)
You are immune to negative energy. (rN+++)
You are immune to unholy pain and torment.
You are vulnerable to heat. (rF-)
You do not drink.


Message History

Confirm with . or Enter, or press ? or * to list all spells.
Aiming: Vampiric Draining (dangerous; 2% risk of failure)
Press: ? - help, Shift-Dir - straight line, f/p - scorpion
Aim: a scorpion (almost dead)
You draw life force from the scorpion!
You kill the scorpion!
You feel life coursing into your body.
The ufetubus shouts!
The ufetubus is no longer distracted by gold.
The orc hits you from afar with a +0 trident.
* * * LOW HITPOINT WARNING * * *
The ufetubus is distracted by your dazzling golden aura.
The iguana is distracted by your dazzling golden aura.
The centaur skeleton is distracted by your dazzling golden aura.
The ogre is distracted by your dazzling golden aura.
Things that are here:
a scroll of teleportation; a +0 club
g - 2 scrolls of teleportation (gained 1)
The ufetubus shouts!
The ogre shouts!
You hear an angry hiss.
The ogre is no longer distracted by gold.
As you read the scroll of teleportation, it crumbles to dust.
You feel strangely unstable. The ufetubus misses you.
The ufetubus hits you but does no damage.
The orc throws a boomerang.
The boomerang barely misses you. The ufetubus closely misses you.
The ufetubus hits you but does no damage.
The ufetubus completely misses you. The ufetubus hits you.
* * * LOW HITPOINT WARNING * * *
The ufetubus hits you.
* * * LOW HITPOINT WARNING * * *
The ufetubus misses you.
The orc throws a boomerang.
The boomerang closely misses you. The ufetubus completely misses you.
The ufetubus closely misses you.
Your surroundings suddenly seem different. 2 orcs and an orc priest come into view.
The orc priest shouts!
The orc shouts!
The orc priest invokes the aid of Beogh against you.
Beogh smites you!
You die...
Your body crumbles into a pile of gold. $ # .# #.#####.# . # $ #oo.o@..# .# #.####### .# #

You could see an orc priest and 2 orcs.

Vanquished Creatures
  Prince Ribbit (D:5)
  Sigmund (D:3)
  A black bear (D:6)
  A necrophage (D:6)
  A centaur (D:5)
  A water moccasin zombie (D:6)
  2 scorpions
  3 wights
  A bullfrog zombie (D:5)
  3 centaur zombies
  2 hounds (D:5)
  A jelly (D:5)
  Crazy Yiuf (D:2)
  2 iguanas (D:4)
  Jessica (D:2)
  8 adders
  4 gnolls
  3 ufetubi
  An adder skeleton (D:4)
  An adder zombie (D:5)
  A worm (D:4)
  5 orcs
  10 ball pythons
  6 endoplasms
  5 giant cockroaches
  5 goblins
  13 hobgoblins
  8 jackals
  8 kobolds
  2 quokkas (D:3)
  9 bats
  A frilled lizard (D:1)
  3 rats
115 creatures vanquished.

Vanquished Creatures (collateral kills)
  A giant cockroach (D:4)
1 creature vanquished.

Vanquished Creatures (others)
  5 plants (D:6)
5 creatures vanquished.

Grand Total: 121 creatures vanquished

Notes
Turn   | Place    | Note
-------+----------+-------------------------------------------
     0 | D:1      | Gabide the Mummy Necromancer began the quest for the Orb.
     0 | D:1      | Reached XP level 1. HP: 13/13 MP: 4/4
   135 | D:1      | Found Icisal's Magic Scroll Emporium.
   279 | D:1      | Reached XP level 2. HP: 20/20 MP: 3/5
   421 | D:1      | Found a faded altar of an unknown god.
   573 | D:1      | Reached skill level 1 in Fighting
   879 | D:2      | Reached XP level 3. HP: 23/26 MP: 0/7
   886 | D:2      | Learned a level 3 spell: Vampiric Draining
  1177 | D:2      | Found a runed translucent door.
  1178 | D:2      | Noticed Crazy Yiuf
  2051 | D:2      | Reached XP level 4. HP: 32/32 MP: 5/9
  2056 | D:2      | Learned a level 4 spell: Dispel Undead
  2117 | D:2      | Noticed Jessica
  2120 | D:2      | Killed Jessica
  2325 | D:2      | Killed Crazy Yiuf
  2572 | D:3      | Reached XP level 5. HP: 23/38 MP: 6/10
  2787 | D:3      | Noticed Sigmund
  2788 | D:3      | Reached skill level 1 in Unarmed Combat
  3668 | D:3      | Killed Sigmund
  3669 | D:3      | Reached skill level 5 in Necromancy
  3669 | D:3      | Reached XP level 6. HP: 46/46 MP: 2/12
  4176 | D:4      | Learned a level 4 spell: Animate Dead
  4228 | D:4      | Found an iron altar of Okawaru.
  4229 | D:4      | Found a bloodstained altar of Trog.
  4527 | D:4      | Found a staircase to the Ecumenical Temple.
  4558 | Temple   | Entered the Ecumenical Temple
  4656 | Temple   | Became a worshipper of Gozag Ym Sagoz the Greedy
  5161 | D:3      | Reached skill level 5 in Spellcasting
  5209 | D:4      | Reached XP level 7. HP: 45/52 MP: 9/14
  5346 | D:5      | Entered Level 5 of the Dungeon
  5952 | D:5      | Noticed Prince Ribbit
  5960 | D:5      | Killed Prince Ribbit
  6060 | D:5      | Reached XP level 8. HP: 60/60 MP: 13/16
  6111 | D:5      | Found an ornate altar of the Wu Jian Council.
  6656 | D:6      | Found a transporter.
  6661 | D:6      | Identified the +2 kite shield of the Garden {+Inv}
  6840 | D:6      | Killed from afar by an orc priest

Illustrated notes

Levels and vault maps discovered:
D:1:      doesnt_arrival_eight_statues, layout_basic,
          nicolae_ecumenical_snake_handling, serial_shops, shop
D:2:      layout_basic, uniq_crazy_yiuf_cottage, uniq_jessica
D:3:      layout_rooms, grunt_ministairs_8, nrook_mini_backslash, st_stairs_12,
          minmay_circle_x, uniq_sigmund
D:4:      layout_basic, grunt_temple_overflow_bloody_war,
          minmay_temple_entry_arrows, hangedman_feature_mirror
D:5:      layout_rooms, nicolae_wu_jian_wuxing_cycle, nrook_uturn,
          minmay_fountain_box, uniq_prince_ribbit1
D:6:      layout_basic, gammafunk_ghost_gnarly_gnolls, supply_closet_lemuel,
          minmay_starry_boxes
Temple:   eino_temple_lava

Skill      XL: |  1  2  3  4  5  6  7  8 |
---------------+-------------------------+-----
Spellcasting   | 3 4 5 6 |  6.5
Fighting       | 1 2 3 4 |  4.7
Dodging        | 2 3 4 |  4.3
Unarmed Combat | 1 2 |  2.6
Necromancy     | 5 6 |  6.3
Stealth        | |  1.5

Action                   |  1- 3 |  4- 6 |  7- 9 || total
-------------------------+-------+-------+-------++-------
Melee: Unarmed           |    15 |    43 |    81 ||   139
       Punch             |       |       |     1 ||     1
 Cast: Pain              |    71 |    92 |    35 ||   198
       Vampiric Draining |       |    10 |    16 ||    26
       Dispel Undead     |       |     4 |     9 ||    13
       Animate Dead      |       |     1 |       ||     1
  Use: Scroll            |       |     5 |     1 ||     6
 Stab: Distracted        |       |       |     1 ||     1
Armor: Robe              |     3 |    36 |    69 ||   108
Dodge: Dodged            |    20 |    64 |   161 ||   245
